Map: Orbital Shipyard

Players

LilDicky

  • Race: Terran Terran
  • League: Diamond

Jbone - Winner!

  • Race: Zerg Zerg
  • League: Diamond

VOD

http://www.twitch.tv/tumescentpie

Description

Time

  • Played on: Dec. 26, 2015, 7:10 p.m.
  • Length: 14:26
Show
View Real Time Build Order
Export as new Build Order

LilDicky Terran 

Build Orders: Command Center First (CC), Mech 

Get SALT Encoding   

  12  0:03  SCV  
  13  0:15  SCV  
  14  0:21  Supply Depot  
  14  0:27  SCV  
  15  0:43  SCV  
  16  1:06  Command Center  
  16  1:12  SCV  
  17  1:23  Barracks  
  17  1:24  SCV  
  18  1:45  SCV  
  19  1:57  SCV  
  20  2:05  Command Center  
  20  2:09  SCV  
  20  2:11  Marine  
  20  2:12  Supply Depot  
  22  2:21  SCV  
  23  2:23  Orbital Command  
  23  2:42  Marine  
  24  2:45  Orbital Command  
  24  2:47  Refinery  
  24  2:48  Refinery  
  25  2:58  SCV  
  25  3:00  Marine  
  26  3:10  SCV  
  27  3:25  Orbital Command  
  27  3:26  SCV  
  28  3:31  SCV  
  28  3:32  Refinery, Marine  
  28  3:33  Refinery  
  30  3:37  Factory  
  30  3:38  SCV  
  31  3:43  SCV  
  32  3:49  Marine  
  32  3:50  SCV  
  34  4:05  SCV x3  
  37  4:16  Engineering Bay  
  37  4:17  SCV x2  
  37  4:19  Marine  
  37  4:20  SCV  
  37  4:22  Factory Tech Lab  
  41  4:25  Starport  
  41  4:29  SCV x2  
  43  4:34  SCV  
  44  4:39  Refinery  
  44  4:40  Refinery  
  44  4:41  Command Center  
  44  4:43  SCV x2  
  44  4:44  Siege Tank  
  49  4:49  Missile Turret  
  49  4:51  Missile Turret  
  49  4:53  SCV, Missile Turret  
  50  5:00  SCV  
  50  5:02  Marine  
  50  5:05  Starport Tech Lab  
  50  5:06  Starport  
  52  5:10  SCV, Starport  
  52  5:11  SCV  
  54  5:14  Supply Depot  
  54  5:21  SCV, Supply Depot  
  55  5:24  Supply Depot  
  55  5:40  Marine  
  55  5:41  Missile Turret  
  56  5:45  Starport Tech Lab  
  56  5:46  Cloaking Field, Starport Tech Lab  
  56  5:47  Banshee  
  56  5:49  Siege Tank  
  62  5:57  Orbital Command  
  62  5:58  Marine  
  62  5:59  Missile Turret  
  62  6:02  Missile Turret  
  63  6:05  Banshee  
  63  6:08  Banshee  
  69  6:12  SCV  
  69  6:13  SCV  
  69  6:16  Marine  
  72  6:21  Siege Tank  
  72  6:24  SCV, Supply Depot  
  76  6:30  Banshee  
  80  6:32  SCV  
  80  6:33  SCV  
  80  6:34  SCV  
  80  6:36  SCV  
  83  6:44  SCV  
  84  6:48  Banshee  
  87  6:58  Banshee  
  90  7:03  Marine  
  90  7:04  Command Center, SCV  
  90  7:05  SCV x2  
  90  7:06  SCV  
  95  7:10  Fusion Core  
  95  7:13  Banshee  
  95  7:14  Supply Depot  
  98  7:16  Supply Depot  
  98  7:23  SCV  
  98  7:25  SCV x2  
  98  7:26  SCV  
  102  7:30  Banshee  
  105  7:37  SCV  
  105  7:38  SCV  
  105  7:39  Siege Tank  
  105  7:40  SCV  
  105  7:41  Banshee  
  114  7:45  Factory  
  114  7:49  Armory x2, Factory  
  114  7:59  Supply Depot, Behemoth Reactor  
  114  8:03  Hyperflight Rotors  
  114  8:04  Armory  
  114  8:05  Armory  
  114  8:15  Banshee x2  
  123  8:24  Banshee  
  117  8:27  Cyclone  
  117  8:29  Orbital Command  
  117  8:34  Missile Turret x2  
  111  8:39  Terran Vehicle Weapons Level 1  
  111  8:40  Terran Vehicle And Ship Armor Level 1, Factory Tech Lab x2  
  108  8:45  Missile Turret  
  108  8:53  SCV  
  105  9:14  Missile Turret x2  
  105  9:15  Missile Turret  
  105  9:16  Battlecruiser x2, Refinery  
  117  9:27  Factory  
  117  9:29  Missile Turret  
  117  9:30  Starport Tech Lab  
  117  9:33  Command Center, Missile Turret  
  117  9:35  Thor  
  117  9:53  Liberator  
  117  10:03  Liberator x2  
  100  11:05  Liberator  
  79  11:14  SCV  
  65  11:19  Battlecruiser x2  
  65  11:23  Thor  
  65  11:24  Hellion x3  
  90  11:28  SCV  
  90  11:30  SCV  
  86  11:35  Planetary Fortress  
  86  11:36  Refinery, Missile Turret  
  86  11:37  Refinery  
  85  11:40  SCV  
  85  11:43  SCV  
  85  11:45  Hellion  
  85  11:46  Hellion x2  
  93  11:53  SCV  
  92  11:55  SCV, Orbital Command  
  93  12:05  SCV  
  93  12:06  Hellion  
  93  12:07  SCV  
  97  12:17  SCV  
  97  12:19  SCV  
  96  12:40  SCV x3  
  100  12:44  SCV  
  100  12:57  SCV x2  
  93  13:20  Armory  
  93  13:21  Armory  
  93  13:22  Missile Turret  
  93  13:26  Hellion x2  
  93  13:27  Hellion  
  96  13:32  Command Center  
  73  13:48  Hellion x3  
  59  13:52  Starport Tech Lab  
Show
View Real Time Build Order
Export as new Build Order

Jbone Zerg - Winner!

Build Orders: 3 Hatch before Pool, Muta Ling Bane 

Get SALT Encoding   

  12  0:01  Drone  
  13  0:12  Overlord  
  13  0:17  Drone  
  14  0:30  Drone x2  
  14  0:34  Drone  
  17  0:45  Drone  
  18  1:01  Hatchery, Drone  
  18  1:04  Extractor  
  17  1:13  Drone  
  17  1:18  Drone  
  20  1:28  Drone  
  21  1:34  Hatchery  
  20  1:42  Overlord  
  20  1:50  Drone  
  20  1:52  Extractor  
  20  1:56  Spawning Pool  
  19  2:04  Drone  
  20  2:15  Drone  
  23  2:22  Drone x2  
  23  2:24  Drone  
  24  2:43  Queen x2  
  28  2:44  Zergling x2  
  28  2:45  Zergling x4  
  28  2:50  Queen  
  33  2:53  Drone  
  33  2:56  Drone  
  35  3:02  Baneling Nest  
  34  3:07  Drone x2  
  34  3:10  Drone  
  34  3:12  Drone  
  38  3:17  Overlord  
  38  3:31  Overlord  
  38  3:33  Drone  
  38  3:34  Drone x3  
  42  3:37  Evolution Chamber, Drone  
  42  3:45  Metabolic Boost  
  42  3:55  Drone x6  
  48  3:57  Drone  
  48  3:58  Drone  
  48  4:00  Drone  
  51  4:06  Zerg Ground Armor Level 1  
  51  4:11  Drone x3  
  51  4:13  Drone  
  51  4:16  Overlord  
  55  4:18  Drone  
  55  4:19  Drone  
  55  4:21  Drone  
  58  4:27  Overlord  
  58  4:28  Evolution Chamber  
  57  4:35  Extractor  
  57  4:36  Drone, Extractor  
  57  4:38  Drone x3, Extractor  
  58  4:39  Drone x3  
  58  4:41  Drone x2  
  58  4:43  Drone  
  64  4:46  Queen  
  64  4:52  Drone x2  
  68  4:53  Overlord x2  
  68  5:02  Spore Crawler  
  68  5:04  Spore Crawler  
  68  5:05  Spore Crawler  
  65  5:08  Zerg Melee Weapons Level 1  
  65  5:10  Lair  
  65  5:11  Drone  
  65  5:12  Zergling x6  
  65  5:13  Zergling x2  
  70  5:34  Drone  
  71  5:35  Drone  
  71  5:36  Drone x4  
  71  5:38  Extractor  
  71  5:39  Drone x2  
  71  5:40  Drone x3, Extractor  
  71  5:42  Drone  
  80  5:51  Zergling x6  
  80  5:55  Drone  
  80  5:56  Hatchery, Overlord x3  
  83  5:58  Pneumatized Carapace  
  83  6:09  Drone x2  
  83  6:10  Zergling x2  
  83  6:11  Zergling x8  
  90  6:19  Overlord x3  
  90  6:24  Centrifical Hooks  
  90  6:25  Zerg Ground Armor Level 2  
  90  6:28  Zergling x10  
  95  6:33  Drone, Spire  
  95  6:34  Zergling x2  
  95  6:35  Zergling x10  
  99  6:48  Overseer  
  99  7:01  Overlord  
  99  7:17  Zergling x20  
  99  7:18  Zergling x10  
  99  7:20  Drone x3  
  117  7:33  Hatchery  
  117  7:35  Overlord x2  
  115  7:50  Mutalisk  
  115  7:51  Mutalisk x11  
  117  7:56  Overseer  
  139  8:00  Queen  
  137  8:14  Mutalisk  
  137  8:15  Mutalisk x5  
  149  8:27  Mutalisk  
  151  8:36  Overlord x3  
  151  8:42  Overlord  
  151  8:49  Zerg Flyer Weapons Level 1  
  151  8:51  Baneling x2  
  151  8:52  Baneling x7  
  151  8:53  Zergling x2, Baneling  
  151  8:54  Zergling x12  
  156  9:13  Mutalisk x2  
  160  9:20  Hatchery  
  159  9:26  Zergling x2  
  159  9:27  Zergling x24  
  172  9:33  Infestation Pit  
  172  9:35  Queen  
  171  9:47  Mutalisk x2  
  171  9:48  Mutalisk  
  177  9:53  Extractor  
  177  9:56  Spore Crawler  
  177  9:58  Extractor  
  174  10:06  Overseer  
  174  10:10  Zergling x24  
  174  10:11  Zergling x8  
  190  10:24  Mutalisk  
  150  10:43  Mutalisk x4  
  131  11:00  Zergling x2  
  131  11:01  Zergling x26  
  134  11:08  Queen  
  113  11:35  Hatchery  
  101  11:58  Corruptor  
  101  11:59  Corruptor x10  
  112  12:12  Drone  
  112  12:13  Drone x2  
  112  12:14  Drone x12  
  127  12:19  Zerg Flyer Armor Level 1  
  127  12:46  Corruptor x3  
  127  12:47  Corruptor x3  
  127  12:51  Extractor  
  138  12:52  Hatchery  
  138  12:53  Zergling x2  
  138  12:54  Zergling x28  
  138  12:55  Extractor  
  141  13:07  Corruptor x4  
  139  13:13  Baneling  
  139  13:14  Baneling x7  
  139  13:15  Zergling x14  
  139  13:16  Zergling x12  
  139  13:17  Zergling x2  
  132  13:49  Zergling x2  
  132  13:50  Zergling x38  
  151  13:58  Baneling  
  151  13:59  Baneling x8  
  151  14:00  Baneling x2  
  151  14:02  Zergling x2  
  152  14:03  Zergling x14  
Tags
 
Add a new tag
Caveats
  • Supply blocks, unpowered buildings, or Contaminate may cause inaccurate times.
  • Supply counts are checked every 10 seconds.